 Dungeon Crawl Stone Soup version 0.21-a0-578-gc6e9d75 (webtiles) character file.

26 poofeast420 the Chopper (level 3, -4/33 HPs)
             Began as a Hill Orc Berserker on Dec 19, 2017.
             Was a Believer of Trog.
             Slain by Sigmund
             ... wielding a +0 scythe
              (10 damage)
             ... on level 2 of the Dungeon.
             The game lasted 00:02:49 (1226 turns).

poofeast420 the Chopper (Hill Orc Berserker)        Turns: 1226, Time: 00:02:50

Health: -4/33      AC:  2    Str: 20    XL:     3   Next: 8%
Magic:  3/3        EV: 12    Int:  7    God:    Trog [**....]
Gold:   24         SH:  0    Dex: 10    Spells: 2/2 levels left

rFire    . . .     SeeInvis .   a - +0 hand axe
rCold    . . .     Gourm    .   (no shield)
rNeg     . . .     Faith    .   b - +0 animal skin
rPois    .         Spirit   .   (no helmet)
rElec    .         Reflect  .   (no cloak)
rCorr    .         Harm     .   (no gloves)
MR       .....                  (no boots)
Stlth    +.........             (no amulet)
HPRegen  0.11/turn              (no ring)
MPRegen  0.08/turn              (no ring)

@: no status effects
A: no striking features
a: Berserk, Trog's Hand, Burn Spellbooks, Renounce Religion


You were on level 2 of the Dungeon.
You worshipped Trog.
Trog was pleased with you.
You were not hungry.

You visited 1 branch of the dungeon, and saw 2 of its levels.

You collected 24 gold pieces.

Inventory:

Hand Weapons
 a - a +0 hand axe (weapon)
Armour
 b - a +0 animal skin (worn)
Scrolls
 d - a scroll of magic mapping {@rr}
 e - a scroll of enchant weapon {unknown}
 f - a scroll of identify {@r1}
 h - a scroll of immolation {unknown}
Potions
 g - a potion of agility {unknown}
Comestibles
 c - a ration
 i - a chunk of flesh


   Skills:
 + Level 4.0 Fighting
 + Level 4.4 Axes
 + Level 2.6 Armour
 + Level 2.0 Dodging


You had 2 spell levels left.
You didn't know any spells.

Dungeon Overview and Level Annotations

Branches:
Dungeon (2/15)

Altars:

Annotations:
D:2 Sigmund


Message History

* * * LOW HITPOINT WARNING * * *
You hit Sigmund.
Sigmund is lightly wounded.
You hit the dart slug.
Sigmund zaps a wand.
You resist with significant effort.
It is a wand of polymorph (15).
You hit the dart slug but do no damage.
The dart slug is heavily wounded.
You hit Sigmund but do no damage. The dart slug launches a dart at you.
The slug dart hits you!
* * * LOW HITPOINT WARNING * * *
Sigmund gestures wildly while chanting.
Sigmund flickers and vanishes!
Deactivating autopickup; reactivate with Ctrl-A.
You hit the dart slug.
The dart slug is heavily wounded.
You hit something.
The dart slug bites you but does no damage.
Something hits you!
You die...

.......#
.#####.####
.# #....#
.# ####.#
.# #.#####
## #..[..##
####
#####..#
...##
##.######
.....
#..@{..#
#...#
#..w...#
#..
#......# .
#......#
..%....#
##......#
#......#
#.....$#


You could see a dart slug.

Vanquished Creatures
  A giant cockroach (D:1)
  A goblin (D:1)
  2 hobgoblins (D:1)
  5 kobolds
  A bat (D:1)
  4 frilled lizards
  17 rats (D:1)
31 creatures vanquished.

Notes
Turn   | Place    | Note
-------+----------+-------------------------------------------
     0 | D:1      | poofeast420 the Hill Orc Berserker began the quest for the Orb.
     0 | D:1      | Reached XP level 1. HP: 19/19 MP: 1/1
   460 | D:1      | Reached XP level 2. HP: 27/27 MP: 2/2
   995 | D:1      | Reached ** piety under Trog
  1056 | D:1      | Reached XP level 3. HP: 31/33 MP: 3/3
  1217 | D:2      | Noticed Sigmund
  1226 | D:2      | Slain by Sigmund

Vault maps used:
D:1:      erik_arrival_orb_chamber, hex_medium, minmay_fountain_box,
          minmay_tromino_i2
D:2:      first_ration, uniq_natasha, uniq_sigmund

Skill      XL: |  1  2 |
---------------+-------+-----
Fighting       | 4 |  4.0
Dodging        | 2 |  2.0
Axes           | |  4.4
Armour         | |  2.6

Action                   || total
-------------------------++-------
Melee: Hand axe          ||    91
Invok: Berserk           ||     1
  Use: Scroll            ||     1
 Stab: Sleeping          ||     2
  Eat: Chunk             ||     2
Armor: Animal skin       ||    12
Dodge: Dodged            ||    45

Table legend:
 A = Spawn XP
 B = Non-spawn XP
 C = Spawn XP percentage of total XP
 D = Spawn monster count
 E = Non-spawn monster count
 F = Spawn count percentage of total count
 G = Total turns spent on level
                    A         B        C        D         E        F      G
               +---------+---------+-------+---------+---------+-------+---------
         Total |       0 |      38 |   0.0 |       0 |      31 |   0.0 |  1226
               +---------+---------+-------+---------+---------+-------+---------
           D:1 |       0 |      36 |   0.0 |       0 |      29 |   0.0 |  1189
           D:2 |       0 |       2 |   0.0 |       0 |       2 |   0.0 |    37
               +---------+---------+-------+---------+---------+-------+---------
